 Dungeon Crawl Stone Soup version 0.29-a0-717-g6dac4ea423 (webtiles) character file.

Game seed: 3711483558536028035

308 buhh the Skirmisher (level 6, -3/35 HPs)
             Began as a Kobold Hunter on June 26, 2022.
             Splashed by a jelly's acid (8 damage)
             ... on level 4 of the Dungeon.
             The game lasted 00:06:40 (3750 turns).

buhh the Skirmisher (Kobold Hunter)                 Turns: 3750, Time: 00:06:41

Health: -3/35      AC:  5    Str:  8    XL:     6   Next: 68%
Magic:  6/6        EV: 14    Int: 11    God:
Gold:   234        SH:  0    Dex: 20    Spells: 5/5 levels left

rFire   . . .      SeeInvis .   a - +0 shortbow
rCold   . . .      Faith    .   (shield currently unavailable)
rNeg    . . .      Spirit   .   c - +0 leather armour
rPois   .          Reflect  .   (no helmet)
rElec   .          Harm     .   s - +0 cloak
rCorr   .          Rampage  .   (no gloves)
Will    .....                   j - +0 pair of boots
Stlth   +++.......              (no amulet)
HPRegen 0.11/turn               (no ring)
MPRegen 0.10/turn               (no ring)

@: no status effects
A: small, no large weapons, nightstalker 3
a: no special abilities


You were on level 4 of the Dungeon.
You visited 1 branch of the dungeon, and saw 4 of its levels.

You collected 234 gold pieces.

Inventory:

Hand Weapons
 a - a +0 shortbow (weapon)
Armour
 c - a +0 leather armour (worn)
 j - a +0 pair of boots (worn)
 s - a +0 cloak (worn)
Scrolls
 g - a scroll of torment {unknown}
 h - a scroll of poison {unknown}
 i - a scroll of summoning {unknown}
 k - a scroll of identify {unknown}
 m - 2 scrolls of magic mapping {unknown}
 p - a scroll of fear {unknown}
 q - a scroll of fog {unknown}
 t - a scroll of teleportation {!d}
 u - a scroll of enchant armour {unknown}
 v - a scroll of vulnerability {unknown}
 T - a scroll of immolation {!d}
Potions
 b - a potion of brilliance {unknown}
 d - 2 potions of flight {unknown}
 e - 2 potions of curing {unknown}
 f - a potion of magic {unknown}
 l - a potion of berserk rage {unknown}
 n - a potion of degeneration {unknown}
 o - a potion of attraction {unknown}
 r - a potion of lignification {unknown}


   Skills:
 - Level 2.1 Fighting
 * Level 9.8 Ranged Weapons
 - Level 2.4 Dodging
 - Level 1.3 Stealth


You had 5 spell levels left.
You didn't know any spells.
Your spell library contained the following spells:

 Spells                   Type           Power      Damage    Failure   Level
 Summon Small Mammal      Summ           0%         N/A       45%         1
 Call Canine Familiar     Summ           0%         N/A       83%         3
 Conjure Flame            Conj/Fire      0%         6-21      83%         3
 Ignite Poison            Fire/Tmut/Pois 0%         N/A       83%         3
 Summon Guardian Golem    Hex/Summ       0%         N/A       83%         3
 Sticky Flame             Conj/Fire      0%         2d3       99%         4


Dungeon Overview and Level Annotations

Branches:
Dungeon (4/15) Zot: 20203
 Temple: D:4-7

Altars:
Qazlal

Annotations:
D:4 Menkaure


Innate Abilities, Weirdness & Mutations

You are small and have problems with some larger weapons.
You are completely attuned to the shadows.


Message History

The arrow hits the kobold but does no damage.
The kobold throws a stone.
The stone hits you but does no damage.
You shoot an arrow.
The arrow hits the kobold but does no damage.
The kobold throws a stone.
The stone misses you.
You shoot an arrow. The arrow barely misses the kobold.
You shoot an arrow. The arrow barely misses the kobold.
The kobold throws a stone.
The stone barely misses you.
You shoot an arrow. The arrow hits the kobold!
You kill the kobold!
No target in view!
Things that are here:
a +0 whip; 5 stones You open the door.
There is an open door here.
l - 2 scrolls labelled JECVUA GIOKH (gained 1) As you open the door, it creaks loudly!
You open the door.
There is an open door here.
There is an open door here.
You open the door.
Menkaure, Prince of Dust comes into view.
As you read the scroll labelled JECVUA GIOKH, it crumbles to dust.
You feel strangely unstable.
It was a scroll of teleportation.
t - a scroll of teleportation;
l - a white potion Menkaure hits you!!
Ouch! That really hurt!
Menkaure gestures at you while chanting.
Pain shoots through your body!
* * * LOW HITPOINT WARNING * * *
Menkaure breathes soot at you.
Menkaure calls on the powers of darkness!
Your body is wracked with pain!
* * * LOW HITPOINT WARNING * * *
Your surroundings suddenly seem different.
A jelly comes into view.
The jelly hits you.
* * * LOW HITPOINT WARNING * * *
You are splashed with acid!
You die...

..#........... ..# ..
..#... .....# ..M...
....#..# ..#...
....... ...#..
..#...##...#.###..#..
..#...##...#...#.....
..#.........#..#.J...
###.........#...@#
.#..........#....#
.#..........+....#
##################


You could see a jelly.

Vanquished Creatures
  A scorpion (D:4)
  A gnoll shaman (D:3)
  2 orc priests (D:3)
  3 adders (D:3)
  4 gnolls (D:3)
  3 worms
  4 dart slugs
  7 orcs
  4 ball pythons
  8 endoplasms
  2 giant cockroaches (D:1)
  12 goblins
  3 hobgoblins
  2 jackals (D:1)
  7 kobolds
  A quokka (D:3)
  6 bats
  A frilled lizard (D:1)
  5 rats
76 creatures vanquished.

Notes
Turn   | Place    | Note
-------+----------+-------------------------------------------
     0 | D:1      | buhh the Kobold Hunter began the quest for the Orb.
     0 | D:1      | Reached XP level 1. HP: 12/12 MP: 1/1
   170 | D:1      | Reached XP level 2. HP: 12/17 MP: 2/2
   290 | D:1      | Reached skill level 6 in Ranged Weapons
   512 | D:1      | Reached XP level 3. HP: 21/21 MP: 3/3
   954 | D:2      | You fall into a shaft and drop 2 floors!
   991 | D:3      | Reached skill level 7 in Ranged Weapons
   991 | D:3      | Reached XP level 4. HP: 20/26 MP: 4/4
  1231 | D:2      | Found a stormy altar of Qazlal.
  1699 | D:2      | Found a faded altar of an unknown god.
  2132 | D:3      | Reached skill level 8 in Ranged Weapons
  2132 | D:3      | Reached XP level 5. HP: 29/30 MP: 5/5
  2540 | D:3      | Reached XP level 6. HP: 21/35 MP: 6/6
  2559 | D:3      | Reached skill level 9 in Ranged Weapons
  3729 | D:4      | Noticed Menkaure
  3750 | D:4      | Splashed by a jelly's acid

Illustrated notes

Levels and vault maps discovered:
D:1:      dpeg_arrival_oval, layout_rooms
D:2:      layout_basic, basic_altar,
          dreamdust_ecumenical_altar_hidden_monk_grotto
D:3:      layout_basic
D:4:      wander_river, layout_gridville, hangedman_decor_points,
          chequers_arboretum, uniq_menkaure

Skill      XL: |  1  2  3  4  5  6 |
---------------+-------------------+-----
Ranged Weapons | 6 7 8 9 |  9.8
Fighting       | |  2.1
Dodging        | |  2.4
Stealth        | |  1.3

Action                   |  1- 3 |  4- 6 || total
-------------------------+-------+-------++-------
 Fire: Shortbow          |    71 |   140 ||   211
  Use: Scroll            |       |     1 ||     1
Armor: Leather armour    |     9 |    15 ||    24
Dodge: Dodged            |    30 |    45 ||    75

Table legend: (Time is in decaauts)
 A = Elapsed time spent in this place.
 B = Non-inter-level travel time spent in this place.
 C = Inter-level travel time spent in this place.
 D = Time resting spent in this place.
 E = Time spent auto-exploring this place.
 F = Levels seen in this place.
 G = Mean time per level.
                   A        B        C        D        E       F      G
               +--------+--------+--------+--------+--------+-----+--------+
         Total |   3795 |   3600 |    195 |    627 |   2545 |   4 |  948.8 |
       Dungeon |   3795 |   3600 |    195 |    627 |   2545 |   4 |  948.8 |
               +--------+--------+--------+--------+--------+-----+--------+

Top non-repeatable levels by time:
     D:2: 1479 daAuts
     D:3: 1159 daAuts
     D:1: 754 daAuts
     D:4: 402 daAuts
